AoeStats
← JeanC

Baltic

510377857Analyzed
4v4 RM · 12h ago on Sep 30, 2026· 24m 58s· 8 players
Game mode
Random Map
Map size
Large (8 player)
Population
200
Speed
Normal
Resources
Standard
Victory
Conquest
Starting age
Dark Age
Ending age
Imperial Age
RankedLock teamsTeams togetherTeam positionsShared explorationLock speedFull tech treeHidden civsTurbo modeCheats
Victory
Defeat
🇫🇷 Japanese · France
1118
+14
🇫🇷 Lithuanians · France
1092
+15
🇩🇪 Vietnamese · Germany
1081
+16
🇺🇸 Celts · United States
1064
+17
🇦🇷 Huns · Argentina
1086
-16
🇧🇷 Teutons · Brazil
1082
-16
🇺🇸 Tupi · United States
1064
-15
🇧🇷 Japanese · Brazil
1055
-15
GoodLuck
0:30 Loom
14:05 Feudal Age
19:49 Wheelbarrow
18:59 Double-Bit Axe
18:56 Horse Collar
22:10 Castle Age
23:37 Hand Cart
23:23 Heavy Plow
23:39 Bow Saw
JeanC
0:52 Loom
12:41 Feudal Age
13:16 Double-Bit Axe
14:36 Gold Mining
15:10 Horse Collar
16:08 Fletching
17:37 Padded Archer Armor
23:38 Castle Age
23:42 Crossbowman
24:28 Thumb Ring
24:41 Bodkin Arrow
Melkro
7:27 Loom
10:50 Feudal Age
11:29 Double-Bit Axe
16:57 Castle Age
15:27 Gold Mining
17:12 Bloodlines
17:20 Scale Barding Armor
17:29 Forging
24:33 Wheelbarrow
Centu62
5:33 Loom
12:17 Feudal Age
17:08 Castle Age
14:58 Double-Bit Axe
15:19 Fletching
17:13 Padded Archer Armor
17:11 Gold Mining
17:24 Crossbowman
20:41 Bow Saw
23:31 Wheelbarrow
23:25 Ballistics
24:42 Bodkin Arrow
Komfy Kaiju
9:00 Loom
10:46 Feudal Age
16:47 Castle Age
15:58 Double-Bit Axe
15:56 Horse Collar
18:40 Bow Saw
19:45 Fletching
20:08 Forging
19:59 Scale Mail Armor
20:56 Fletching
24:03 Wheelbarrow
23:14 Town Watch
23:57 Squires
23:18 Champi Runner
24:11 Champi Warrior
Galluzzi
0:27 Loom
13:28 Feudal Age
13:49 Horse Collar
14:13 Town Watch
14:17 Double-Bit Axe
17:28 Wheelbarrow
19:53 Gold Mining
19:56 Stone Mining
22:33 Castle Age
24:17 Forging
25:22 Scale Barding Armor
Six
0:27 Loom
9:43 Feudal Age
10:11 Double-Bit Axe
17:57 Castle Age
20:36 Bow Saw
FranGinaro
7:06 Loom
10:00 Feudal Age
11:01 Double-Bit Axe
15:17 Fletching
17:54 Fishing Lines
20:52 Castle Age
20:02 Padded Archer Armor
Connection lost

Rejoining the realm…

Still unreachable

The connection could not be restored.

Session expired

The server has moved on; the page needs a fresh start.